 Dungeon Crawl Stone Soup version 0.29.1-1-gd02db6906a (webtiles) character file.

Game seed: 16085683026829225761

355 NullDivider the Stinger (level 6, -26/36 HPs)
             Began as an Octopode Venom Mage on Sept 30, 2022.
             Annihilated by an ogre
             ... wielding a +0 giant spiked club
              (27 damage)
             ... on level 4 of the Dungeon.
             The game lasted 00:29:33 (6402 turns).

NullDivider the Stinger (Octopode Venom Mage)       Turns: 6402, Time: 00:29:34

Health: -26/36     AC:  5    Str:  7      XL:     6   Next: 63%
Magic:  3/10       EV: 13    Int: 20      God:
Gold:   114        SH:  5    Dex: 11 (12) Spells: 1/11 levels left

rFire   . . .      SeeInvis .   m - +2 dagger (elec)
rCold   . . .      Faith    .   (no shield)
rNeg    . . .      Spirit   .   (helmet restricted)
rPois   .          Reflect  +   c - amulet of reflection
rElec   .          Harm     .   t - +4 ring of protection
rCorr   .          Rampage  .   (no ring)
Will    .....                   (no ring)
Stlth   ++++......              (no ring)
HPRegen 0.12/turn               (no ring)
MPRegen 0.12/turn               (no ring)
                                (no ring)
                                (no ring)

@: no status effects
A: almost no armour, amphibious, 8 rings, camouflage 1, gelatinous body 1,
(nimble swimmer 1), tentacles
a: no special abilities


You were on level 4 of the Dungeon.
You visited 1 branch of the dungeon, and saw 5 of its levels.

You collected 114 gold pieces.

Inventory:

Hand Weapons
 d - a +2 dagger of venom
 m - a +2 dagger of electrocution (weapon)
 p - a +1 vorpal falchion
Armour
 k - an orb of mayhem
Jewellery
 c - an amulet of reflection (around mantle)
 g - a ring of ice
 o - an amulet of guardian spirit
 t - a +4 ring of protection (left tentacle)
Scrolls
 e - 2 scrolls of blinking {unknown}
 f - 2 scrolls of identify {unknown}
 h - 2 scrolls of magic mapping {unknown}
 n - a scroll of poison {unknown}
 r - a scroll of amnesia {unknown}
 s - a scroll of noise {unknown}
Potions
 a - a potion of magic
 b - a potion of curing {unknown}
 i - a potion of cancellation {unknown}
 j - a potion of invisibility {unknown}
 l - a potion of heal wounds {unknown}
 q - a potion of flight


   Skills:
 + Level 0.5 Short Blades
 * Level 3.4 Dodging
 * Level 4.9 Stealth
 * Level 3.2 Spellcasting
 + Level 1.4 Conjurations
 - Level 1.2 Transmutations
 - Level 1.5 Air Magic
 * Level 5.0 Poison Magic


You had one spell level left.
You knew the following spells:

 Your Spells              Type           Power      Damage    Failure   Level
a - Sting                 Tmut/Pois      64%        1d6       3%          1
b - Poisonous Vapours     Pois/Air       32%        N/A       5%          2
c - Mephitic Cloud        Conj/Pois/Air  13%        N/A       14%         3
d - Olgreb's Toxic Radia  Pois           23%        N/A       17%         4

Your spell library contained the following spells:

 Spells                   Type           Power      Damage    Failure   Level
 Summon Forest            Summ/Tloc      1%         N/A       98%         5
 Eringya's Noxious Bog    Tmut/Pois      8%         N/A       99%         6
 Summon Hydra             Summ           1%         N/A       100%        7


Dungeon Overview and Level Annotations

Branches:
Dungeon (5/15)
 Temple: D:4-7

Altars:
Gozag
Hepliaklqana

Shops:
D:4 [


Innate Abilities, Weirdness & Mutations

You cannot wear most types of armour.
You are amphibious.
You can wear up to eight rings at the same time.
Your skin changes colour to match your surroundings (Stealth+).
Your rubbery body absorbs attacks. (AC +1, EV +1)
((You are camouflaged when in or above water. (Stealth+)))
You have tentacles for arms and can constrict up to eight enemies at once.


Message History

Confirm with . or Enter, or press ? or * to list all spells.
The spell is quite dangerous to miscast (14% risk of failure)!
Continue anyway?
Aiming: Mephitic Cloud (quite dangerous; 14% risk of failure)
Press: ? - help, Shift-Dir - straight line, f - orc
Aim: an orc, wielding a +0 whip and wearing a +0 leather armour (chance to affect: 96%)
The ball explodes into a vile cloud!
The stinking cloud engulfs the orc but does no damage.
The orc is engulfed in noxious fumes.
The orc appears confused.
The orc is engulfed in noxious fumes.
The orc appears confused.
The orc is engulfed in noxious fumes.
The orc appears confused.
You open the door.
There is an open door here.
The orc warrior hits itself with a +0 long sword!
The orc misses you. The orc attacks as you move away!
The orc hits you with a +0 falchion. The orc attacks as you move away!
The orc completely misses you.
The orc warrior hits itself with a +0 long sword!
The orc attacks as you move away! The orc misses you.
You are too injured to fight recklessly!
Casting: Mephitic Cloud (quite dangerous; 14% risk of failure)
Confirm with . or Enter, or press ? or * to list all spells.
Aiming: Poisonous Vapours (safe; 5% risk of failure)
Press: ? - help, Dir - move target, f/p - orc
Aim: an orc, wielding a +0 whip and wearing a +0 leather armour (confused) Poisonous vapours surround the orc!
The orc is poisoned.
The orc warrior seems less confused.
The orc hits you with a +0 falchion.
* * * LOW HITPOINT WARNING * * *
The orc attacks as you move away! The orc hits you with a +0 falchion.
* * * LOW HITPOINT WARNING * * *
The orc attacks as you move away! The orc closely misses you.
You feel a bit more experienced. The orc attacks as you move away!
The orc hits you with a +0 falchion.
* * * LOW HITPOINT WARNING * * *
The orc attacks as you move away! The orc misses you.
There is a stone staircase leading up here.
The orc hits you but does no damage.
You climb upwards.
The ogre hits you with a +0 giant spiked club!!
Ouch! That really hurt!
You die...

##.......^...#........
##........#####....##
##....#### ##...# ##.#.##
##..## ##...# #...# #....##
##..# ##.....## ##..
##O.##...## #..
##..@......### ##.
##...o........## #.
#..............## #.
##...............## #.
##.................# #.
##....)รท<...........## #.
##......).............# #.
##..#..................###.
#..#...................##..


You could see an ogre and an orc.

Vanquished Creatures
  A scorpion (D:4)
  A hound (D:5)
  Crazy Yiuf (D:2)
  Natasha (D:2)
  2 orc wizards
  Robin (D:2)
  4 adders
  15 orcs
  10 endoplasms
  A giant cockroach (D:3)
  19 goblins
  13 hobgoblins
  2 quokkas (D:1)
  5 ball pythons
  4 bats
  8 frilled lizards
  6 kobolds
  4 rats
98 creatures vanquished.

Vanquished Creatures (others)
  A goblin (D:2)
  A fungus (D:2)
2 creatures vanquished.

Grand Total: 100 creatures vanquished

Notes
Turn   | Place    | Note
-------+----------+-------------------------------------------
     0 | D:1      | NullDivider the Octopode Venom Mage began the quest for the
                  | Orb.
     0 | D:1      | Reached XP level 1. HP: 11/11 MP: 3/3
   337 | D:1      | Reached XP level 2. HP: 7/17 MP: 0/5
   594 | D:1      | Learned a level 2 spell: Poisonous Vapours
  1280 | D:1      | Reached XP level 3. HP: 21/21 MP: 3/6
  1312 | D:1      | Learned a level 3 spell: Mephitic Cloud
  1691 | D:2      | Noticed Robin
  1912 | D:1      | Reached skill level 4 in Poison Magic
  2412 | D:2      | Killed Robin
  2973 | D:2      | Reached XP level 4. HP: 27/27 MP: 7/7
  3197 | D:2      | Found a runed translucent door.
  3198 | D:2      | Noticed Crazy Yiuf
  3285 | D:2      | Reached skill level 1 in Air Magic
  3457 | D:2      | Found a hazy altar of Hepliaklqana.
  3588 | D:2      | Noticed Natasha
  3593 | D:2      | Killed Natasha
  3594 | D:2      | Reached XP level 5. HP: 13/31 MP: 5/9
  4265 | D:2      | Killed Crazy Yiuf
  4266 | D:2      | Reached skill level 1 in Conjurations
  4965 | D:3      | Reached XP level 6. HP: 33/36 MP: 6/10
  5111 | D:3      | Learned a level 4 spell: Olgreb's Toxic Radiance
  5607 | D:4      | Found an opulent altar of Gozag.
  5834 | D:4      | Found Jyesec's Armour Boutique.
  6125 | D:4      | Reached skill level 5 in Poison Magic
  6351 | D:5      | Entered Level 5 of the Dungeon
  6351 | D:5      | Noticed an orc warrior
  6397 | D:5      | HP: 1/36 [orc/+0 falchion (5)]
  6402 | D:4      | Annihilated by an ogre

Illustrated notes

Levels and vault maps discovered:
D:1:      lemuel_arrival_hallway, layout_loops_ring,
          minmay_misc_feat_secret_circle, minmay_hexomino_f4
D:2:      layout_loops_corners, basic_altar, chequers_serial_rivers_marsh,
          kennysheep_nub, uniq_natasha, uniq_robin, uniq_crazy_yiuf_cottage
D:3:      layout_rooms, grunt_decor_clamped, lightli_corner_chamber
D:4:      layout_cave_pods, nicolae_overflow_crystal_walls, serial_shops,
          nicolae_diamond_shop
D:5:      layout_gridville, minmay_temple_entry_statues_pillars,
          corexii_corridor_pit, grunt_ministairs_1, minmay_misc_feat_nine_boxes,
          uniq_duvessa

Skill      XL: |  1  2  3  4  5  6 |
---------------+-------------------+-----
Stealth        | 3 4 |  4.9
Poison Magic   | 4 5 |  5.0
Air Magic      | 1 |  1.5
Conjurations   | 1 |  1.4
Dodging        | 3 |  3.4
Spellcasting   | 3 |  3.2
Short Blades   | |  0.5
Transmutations | |  1.2

Action                   |  1- 3 |  4- 6 || total
-------------------------+-------+-------++-------
Melee: Unarmed           |    12 |       ||    12
       Tentacles         |     9 |    13 ||    22
       Constrict         |     7 |    15 ||    22
       Dagger            |    21 |    64 ||    85
       Punch             |     1 |     1 ||     2
 Cast: Sting             |    57 |    41 ||    98
       Mephitic Cloud    |     1 |     2 ||     3
       Poisonous Vapours |       |    29 ||    29
  Use: Potion            |     1 |     1 ||     2
 Stab: Sleeping          |     1 |     7 ||     8
Armor: Skin              |     3 |     6 ||     9
Dodge: Dodged            |    33 |    46 ||    79
Block: Other             |    10 |    13 ||    23
